 Dungeon Crawl Stone Soup version 0.30-a0-737-gf23d94013f (webtiles) character file.

Game seed: 12935653385637652921

1042 voltaire321 the Covert (level 8, 51/51 (54) HPs)
             Began as an Octopode Brigand on Feb 2, 2023.
             Quit the game on level 5 of the Dungeon.
             The game lasted 00:18:55 (5308 turns).

voltaire321 the Covert (Octopode Brigand)           Turns: 5308, Time: 00:18:56

HP:   51/51 (54)    AC:  9    Str: 10    XL:     8   Next: 25%
MP:   8/8           EV: 15    Int: 13    God:
Gold: 350           SH:  0    Dex: 16    Spells: 7/7 levels left

rFire   . . .      SeeInvis .    G - +5 woodcutter's axe
rCold   . . .      Faith    .    (shield currently unavailable)
rNeg    . . .      Spirit   .    (helmet restricted)
rPois   .          Reflect  .    (no amulet)
rElec   .          Harm     .    d - +4 ring of protection
rCorr   +          Rampage  .    o - +4 ring of protection
Will    .....                    y - ring of resist corrosion
Stlth   +++++                    (no ring)
HPRegen 0.28/turn                (no ring)
MPRegen 0.11/turn                (no ring)
                                 (no ring)
                                 (no ring)

@: drained
A: almost no armour, amphibious, 8 rings, camouflage 1, gelatinous body 1,
(nimble swimmer 1), tentacles
a: no special abilities


You were on level 5 of the Dungeon.
You visited 1 branch of the dungeon, and saw 5 of its levels.

You collected 350 gold pieces.

Inventory:

Hand Weapons
 a - a +2 dagger
 e - a +1 dagger of flaming
 D - a +1 falchion of electrocution
 E - the +13 scythe of Curses {drain, curses, Drain}
   (You found it on level 5 of the Dungeon)

   Drain:     It drains your maximum health when unequipped.
 G - the +5 woodcutter's axe (weapon)
   (You found it on level 5 of the Dungeon)
 I - a +0 rapier
Missiles
 b - 10 poisoned darts (quivered)
 c - 2 curare-tipped darts
 g - 5 silver boomerangs
Jewellery
 d - a +4 ring of protection (left tentacle)
 o - a +4 ring of protection (right tentacle)
 w - a ring of fire
 y - a ring of resist corrosion (on tentacle)
 B - a +4 ring of slaying
 C - an amulet of magic regeneration
Scrolls
 h - 2 scrolls of magic mapping {unknown}
 j - 3 scrolls of identify
 n - 3 scrolls of blinking
 p - 3 scrolls of immolation {unknown}
 q - 3 scrolls of teleportation {unknown}
 r - 3 scrolls of brand weapon {unknown}
 t - a scroll of fear {unknown}
 u - 2 scrolls of enchant armour {unknown}
 H - a scroll of amnesia {unknown}
Potions
 f - a potion of flight {unknown}
 i - a potion of mutation {unknown}
 k - a potion of magic {unknown}
 l - a potion of berserk rage {unknown}
 m - 2 potions of degeneration
 s - a potion of might {unknown}
 v - a potion of attraction {unknown}
 x - 2 potions of curing
 z - a potion of resistance {unknown}
 A - 2 potions of lignification {unknown}
 F - a potion of haste {unknown}


   Skills:
 + Level 4.5 Fighting
 + Level 4.5 Short Blades
 + Level 4.6 Throwing
 + Level 4.1 Dodging
 + Level 8.0 Stealth


You had 7 spell levels left.
You didn't know any spells.
Your spell library contained the following spells:

 Spells                   Type           Power      Damage    Failure   Level
 Freeze                   Ice            0%         1d3       30%         1
 Frozen Ramparts          Ice            0%         1d1       67%         3
 Hailstorm                Conj/Ice       0%         3d3       67%         3


Dungeon Overview and Level Annotations

Branches:
Dungeon (5/15)
 Temple: D:4-7

Altars:
Dithmenos
Gozag
Wu Jian


Innate Abilities, Weirdness & Mutations

You cannot wear most types of armour.
You are amphibious.
You can wear up to eight rings at the same time.
Your skin changes colour to match your surroundings (Stealth+).
Your rubbery body absorbs attacks. (AC +1, EV +1)
((You are camouflaged when in or above water. (Stealth+)))
You have tentacles for arms and can constrict up to eight enemies at once.


Message History

You slash the river rat!
You kill the river rat!
You barely miss the river rat. The river rat barely misses you.
You hit the hell rat but do no damage. Your grab misses the hell rat.
You slash the river rat! You slash the river rat!
You kill the river rat!
You barely miss the hell rat. The hell rat bites you!
You feel drained.
You hit the hell rat. Your grab misses the hell rat.
The hell rat is lightly wounded.
You slash the river rat! The hell rat completely misses you.
The river rat bites you but does no damage.
You slash the hell rat!
You kill the hell rat!
You barely miss the river rat. The river rat closely misses you.
The river rat bites you. The river rat bites you!
You slash the river rat!
You kill the river rat!
You hit the river rat. The river rat closely misses you.
Your Stealth skill increases to level 8!
You barely miss the river rat. You grab the river rat.
You squeeze the river rat, but do no damage.
The river rat is moderately wounded.
You constrict the river rat, but do no damage.
The river rat closely misses you.
You hit the river rat.
The river rat is almost dead.
You constrict the river rat.
You kill the river rat!
You see here a river rat corpse.
You see here the +2 ratskin cloak {*Rats rPois rN+ Str-1 Int-1 Dex+1}.
Done exploring.
Done exploring.
Done exploring.
You see here a river rat corpse.
You see here a hell rat corpse.
You see here a river rat corpse.
You see here a hell rat skeleton.
You see here a +0 sling.
Are you sure you want to abandon this character and quit the game? (Confirm with "yes".)

############# #............ ♣♣
#.########### .♣♣ ##### #.# ..♣♣
#########...###.########### ...♣♣
#..........................
....♣♣###.............###########
.....♣♣#....###.@.#############
......♣##.#.# ##### #....†...#
♣.....♣##.#.###### #........#
♣♣♣♣♣..'..#.##.#.## #........#
♣♣♣♣♣..'....###.#.# #........#
♣.....♣#######.##.## #........###
......♣ #†####.###...........
.....♣♣ ##†#####.##........###
.†..♣♣ #.###.[##.#........#..


There were no monsters in sight!

Vanquished Creatures
  A water moccasin (D:5)
  Duvessa (D:5)
  An ice beast (D:5)
  Dowan (D:5)
  A howler monkey (D:5)
  2 jellies
  2 hounds (D:5)
  An orc priest (D:2)
  An iguana (D:4)
  5 hell rats (D:5)
  Robin (D:4)
  5 adders
  21 river rats (D:5)
  3 worms
  A dart slug (D:4)
  10 orcs
  A ball python (D:2)
  13 endoplasms
  6 giant cockroaches
  6 hobgoblins
  8 jackals
  5 bats
  3 frilled lizards (D:3)
  9 goblins
  4 kobolds
  16 rats
128 creatures vanquished.

Notes
Turn   | Place    | Note
-------+----------+-------------------------------------------
     0 | D:1      | voltaire321 the Octopode Brigand began the quest for the
                  | Orb.
     0 | D:1      | Reached XP level 1. HP: 14/14 MP: 1/1
     1 | D:1      | Found a runed translucent door.
   320 | D:1      | Reached XP level 2. HP: 19/19 MP: 2/2
   951 | D:1      | Reached XP level 3. HP: 15/24 MP: 3/3
  1666 | D:2      | Reached XP level 4. HP: 29/30 MP: 4/4
  2014 | D:3      | Reached skill level 6 in Stealth
  2133 | D:3      | Found an opulent altar of Gozag.
  2291 | D:3      | Reached XP level 5. HP: 36/36 MP: 5/5
  2629 | D:3      | Found a shadowy altar of Dithmenos.
  3444 | D:4      | Noticed Robin
  3496 | D:4      | Reached XP level 6. HP: 42/42 MP: 6/6
  3500 | D:4      | Killed Robin
  3766 | D:5      | Entered Level 5 of the Dungeon
  3902 | D:5      | Noticed a water moccasin
  3905 | D:5      | Killed a water moccasin
  4074 | D:5      | Found the +13 scythe of Curses {drain, curses, Drain}
  4295 | D:5      | Reached XP level 7. HP: 47/47 MP: 7/7
  4304 | D:5      | Reached skill level 7 in Stealth
  4345 | D:5      | Found an ornate altar of the Wu Jian Council.
  4354 | D:5      | Found the +5 woodcutter's axe
  4504 | D:5      | Found the +2 ratskin cloak {*Rats rPois rN+ Str-1 Int-1
                  | Dex+1}
  4733 | D:5      | Noticed Duvessa
  4744 | D:5      | Killed Duvessa
  4745 | D:5      | Noticed Dowan
  4749 | D:5      | Killed Dowan
  4750 | D:5      | Reached XP level 8. HP: 51/54 MP: 8/8
  5087 | D:5      | Reached skill level 8 in Stealth
  5308 | D:5      | Quit the game

Illustrated notes

Levels and vault maps discovered:
D:1:      dpeg_arrival_caged_fury, layout_basic, minmay_rat_gold_closets
D:2:      layout_loops_corners, minivault_25, kennysheep_generic_room_15
D:3:      layout_loops_ring, nicolae_dithmenos_through_a_glass_darkly,
          grunt_gozag_breadcrumbs
D:4:      layout_layer_cave, kennysheep_minor_cross, uniq_robin
D:5:      wander_guarded_unrand_ratskin, layout_basic, general_overflow_altar,
          kennysheep_cross_room, uniq_duvessa

Skill      XL: |  1  2  3  4  5  6  7  8 |
---------------+-------------------------+-----
Dodging        | 2 3 4 |  4.1
Stealth        | 6 7 8 |  8.0
Fighting       | 3 4 |  4.5
Throwing       | 3 4 |  4.6
Short Blades   | 3 4 |  4.5

Action                     |  1- 3 |  4- 6 |  7- 9 || total
---------------------------+-------+-------+-------++-------
  Melee: Dagger            |    87 |    90 |     5 ||   182
         Tentacles         |    19 |    16 |    17 ||    52
         Constrict         |    21 |    17 |    19 ||    57
         Punch             |     2 |       |       ||     2
         Battleaxe         |       |       |    76 ||    76
  Throw: Dart              |     6 |     4 |     2 ||    12
    Use: Scroll            |       |       |     2 ||     2
         Potion            |       |       |     1 ||     1
   Stab: Sleeping          |     9 |    20 |     6 ||    35
 Armour: Skin              |    19 |    11 |    14 ||    44
  Dodge: Dodged            |    46 |    35 |    49 ||   130

Table legend: (Time is in decaauts)
 A = Elapsed time spent in this place.
 B = Non-inter-level travel time spent in this place.
 C = Inter-level travel time spent in this place.
 D = Time resting spent in this place.
 E = Time spent auto-exploring this place.
 F = Levels seen in this place.
 G = Mean time per level.
                   A        B        C        D        E       F      G
               +--------+--------+--------+--------+--------+-----+--------+
         Total |   5278 |   4892 |    386 |    439 |   3550 |   5 | 1055.6 |
       Dungeon |   5278 |   4892 |    386 |    439 |   3550 |   5 | 1055.6 |
               +--------+--------+--------+--------+--------+-----+--------+

Top non-repeatable levels by time:
     D:5: 1537 daAuts
     D:4: 1061 daAuts
     D:1: 1056 daAuts
     D:2: 896 daAuts
     D:3: 727 daAuts
